 Dungeon Sprint DCSS version 0.29-a0-542-g075992c915 (webtiles) character file.

Game seed: 10267938875060191924

1801 mhtbhm the Basher (level 9, -2/89 HPs)
             Began as a Meteoran Fighter on June 4, 2022.
             Was an Initiate of Gozag.
             Slain by a sixfirhy (11 damage)
             ... summoned by a kobold demonologist
             ... in the Dungeon (Sprint I: "Red Sonja").
             The game lasted 00:02:20 (755 turns).

mhtbhm the Basher (Meteoran Fighter)                 Turns: 755, Time: 00:02:22

Health: -2/89      AC: 10    Str: 18    XL:     9   Next: 56%
Magic:  10/10      EV: 10    Int: 10    God:    Gozag
Gold:   999        SH:  7    Dex: 18    Spells: 8/8 levels left

rFire   . . .      SeeInvis .   a - +0 flail
rCold   . . .      Faith    .   c - +0 buckler
rNeg    . . .      Spirit   .   b - +0 scale mail
rPois   .          Reflect  .   (no helmet)
rElec   .          Harm     .   (no cloak)
rCorr   .          Rampage  +   (no gloves)
Will    +....      NoTele   +   m - +0 pair of boots {rampage}
Stlth   +.........              (no amulet)
HPRegen 0.24/turn               (no ring)
MPRegen 0.12/turn               (no ring)

@: hasted, glowing, very quick
A: sense surroundings 2, otherworldly, glowing, explore regen
a: Renounce Religion, Potion Petition, Call Merchant, Bribe Branch


You were in the Dungeon.
You worshipped Gozag.
Gozag was pleased with you.
You visited 1 branch You collected 1137 gold pieces.
You spent 138 gold pieces at shops.

Inventory:

Hand Weapons
 a - a +0 flail (weapon)
Missiles
 f - 2 curare-tipped darts (quivered)
Armour
 b - a +0 scale mail (worn)
 c - a +0 buckler (worn)
 m - a +0 pair of boots of rampaging (worn)
Wands
 i - a wand of paralysis (8)
Scrolls
 e - a scroll of enchant weapon {unknown}
 n - a scroll of identify {unknown}
Potions
 d - 2 potions of degeneration {unknown}
 h - 2 potions of magic
 k - a potion of lignification {unknown}
 l - a potion of curing


   Skills:
 + Level 11.1 Fighting
 + Level 12.9 Maces & Flails
 + Level 0.4 Throwing
 + Level 11.7 Armour
 + Level 2.1 Dodging
 + Level 4.8 Stealth
 + Level 11.4 Shields
 + Level 1.0 Evocations


You had 8 spell levels left.
You didn't know any spells.
Your spell library was empty.

Dungeon Overview and Level Annotations

Branches:
Dungeon (1/1)

Altars:
Cheibriados
Dithmenos
Elyvilon
Fedhas
Gozag
Hepliaklqana
Kikubaaqudgha
Makhleb
Nemelex Xobeh
Okawaru
Qazlal
Ru
Sif Muna
Trog
Uskayaw
Vehumet
Wu Jian
Xom
Yredelemnul
Zin
The Shining One
Jiyva
Lugonu

Shops:
D ::[


Innate Abilities, Weirdness & Mutations

You passively map the area around you.
You are easily found by Zot.
You glow in the dark.
You regain HP and MP as you explore.


Message History

Okay, then.
You close the door.
You feel yourself speed up.
You see here 20 stones.
A sun demon opens the door.
There is an ornate altar of the Wu Jian Council here.
There is an open door here.
There is an open door here.
There is an open door here.
You see here a staff of cold.
You close the door.
A sixfirhy opens the door.
You miss the sixfirhy.
The sixfirhy hits you but does no damage.
Aiming: Paralyse
Press: ? - help, Shift-Dir - straight line, f - sixfirhy
Aim: a sixfirhy (summoned, chance to affect: 19%)
Okay, then.
You thump the sixfirhy!
The sixfirhy is lightly wounded.
You completely miss the sixfirhy.
The sixfirhy is lightly wounded.
You closely miss the sixfirhy.
The sixfirhy is lightly wounded.
Unknown command.
You closely miss the sixfirhy.
The sixfirhy is lightly wounded.
You barely miss the sixfirhy.
The sixfirhy is lightly wounded.
The sixfirhy hits you.
* * * LOW HITPOINT WARNING * * *
The sixfirhy shocks you!
* * * LOW HITPOINT WARNING * * *
The sixfirhy hits you but does no damage.
You feel better.
The sixfirhy hits you but does no damage.
The sixfirhy hits you.
* * * LOW HITPOINT WARNING * * *
The sixfirhy shocks you!
You die...
Your body crumbles into a pile of gold.

###'#####'#__####55.+
$ * *
##..#...#3####,, ####
,+$ $ _####..##3# ≈ ,
$$* * * ,$ ,
____##'#_.+ ≈ + ,, ,$
.∩...'..._#≈ $$ $$$
..__##_.#'##+###* ,,
____###'#.#....###,+$
, * + ,
#######.####'###(##*$
, ***
.....'...'...3.3@∩#
** $$ *
++####.).########## $
$$* $*$ , ###.### *,
$*$$$$$$$$ ,,,#.#'#.#
, $ *


$$$$$$$$ ,, ,#.....# + * * *,$+$$$$$$ * #.).[.# , , * $$$ ,####### , , , * , , *
≈ , $,$ , ≈ *$ $ You could see a sun demon (summoned) and a sixfirhy (summoned).

Vanquished Creatures
  Sonja (D)
  A deep troll (D)
  A slime creature (D)
  Sigmund (D)
  A yak (D)
  A floating eye (D)
  An ogre (D)
  A jelly (D)
  Ijyb (D)
  A ballistomycete spore (D)
10 creatures vanquished.

Vanquished Creatures (others)
  A ballistomycete spore (D)
1 creature vanquished.

Grand Total: 11 creatures vanquished

Notes
Turn   | Place    | Note
-------+----------+-------------------------------------------
     0 | D        | mhtbhm the Meteoran Fighter began the quest for the Orb.
     0 | D        | Reached XP level 1. HP: 19/19 MP: 2/2
     1 | D        | Noticed Ijyb
     8 | D        | Killed Ijyb
     9 | D        | Reached skill level 3 in Maces & Flails
     9 | D        | Reached skill level 5 in Armour
     9 | D        | Reached skill level 5 in Shields
     9 | D        | Reached XP level 2. HP: 28/28 MP: 3/3
     9 | D        | Reached XP level 3. HP: 35/35 MP: 4/4
    13 | D        | Noticed an ogre
    22 | D        | Killed an ogre
    23 | D        | Reached skill level 5 in Maces & Flails
    23 | D        | Reached XP level 4. HP: 17/45 MP: 5/5
    23 | D        | Reached XP level 5. HP: 20/51 MP: 6/6
    37 | D        | Noticed Sigmund
    43 | D        | Killed Sigmund
    44 | D        | Reached skill level 6 in Maces & Flails
    44 | D        | Reached XP level 6. HP: 38/61 MP: 7/7
    55 | D        | Found an ornate altar of the Wu Jian Council.
    55 | D        | Found a shimmering blue altar of Sif Muna.
   132 | D        | Found a radiant altar of Vehumet.
   136 | D        | Reached skill level 7 in Maces & Flails
   170 | D        | Found Kep Imp's Book Emporium.
   170 | D        | Found an ancient bone altar of Kikubaaqudgha.
   170 | D        | Found a hazy altar of Hepliaklqana.
   170 | D        | Found a stormy altar of Qazlal.
   170 | D        | Found a hide-covered altar of Uskayaw.
   170 | D        | Found a blossoming altar of Fedhas.
   170 | D        | Found a bloodstained altar of Trog.
   170 | D        | Found an iron altar of Okawaru.
   170 | D        | Found a basalt altar of Yredelemnul.
   170 | D        | Found a glowing golden altar of the Shining One.
   170 | D        | Found a snail-covered altar of Cheibriados.
   170 | D        | Found a sacrificial altar of Ru.
   170 | D        | Found a glowing silver altar of Zin.
   170 | D        | Found a shadowy altar of Dithmenos.
   170 | D        | Found a white marble altar of Elyvilon.
   170 | D        | Noticed a yak
   182 | D        | Killed a yak
   183 | D        | Reached skill level 8 in Maces & Flails
   183 | D        | Reached skill level 1 in Dodging
   183 | D        | Reached XP level 7. HP: 55/70 MP: 8/8
   183 | D        | Found an opulent altar of Gozag.
   184 | D        | Found a sparkling altar of Nemelex Xobeh.
   195 | D        | Became a worshipper of Gozag Ym Sagoz the Greedy
   251 | D        | Found a burning altar of Makhleb.
   251 | D        | Found a viscous altar of Jiyva.
   251 | D        | Found a shimmering altar of Xom.
   251 | D        | Found a corrupted altar of Lugonu.
   251 | D        | Noticed a slime creature
   263 | D        | Killed a slime creature
   264 | D        | Reached skill level 9 in Maces & Flails
   264 | D        | Reached skill level 10 in Armour
   264 | D        | Reached skill level 10 in Shields
   264 | D        | Reached XP level 8. HP: 15/79 MP: 9/9
   551 | D        | Noticed Sonja
   559 | D        | Killed Sonja
   560 | D        | Reached skill level 10 in Fighting
   560 | D        | Reached skill level 11 in Maces & Flails
   560 | D        | Gained mutation: You passively map the area around you.
                  | [Meteoran growth]
   560 | D        | Reached XP level 9. HP: 86/86 MP: 10/10
   576 | D        | Found Mumet's Book Boutique.
   635 | D        | Noticed a deep troll
   649 | D        | Killed a deep troll
   650 | D        | Reached skill level 12 in Maces & Flails
   660 | D        | Found Farholaify's Armour Emporium.
   664 | D        | Bought a +0 pair of boots of rampaging for 138 gold pieces
   716 | D        | Noticed a kobold demonologist
   716 | D        | Noticed a kobold demonologist
   717 | D        | Noticed a smoke demon
   722 | D        | Reached skill level 1 in Evocations
   728 | D        | Noticed a sixfirhy
   729 | D        | Noticed a sun demon
   754 | D        | HP: 2/89 [sixfirhy[a kobold demonologist] (12)]
   755 | D        | Slain by a sixfirhy

Illustrated notes

Levels and vault maps discovered:
D:        dungeon_sprint_1 [red_sonja_temple_1, red_sonja_temple_small_1]

Skill      XL: |  1  2  3  4  5  6  7  8  9 |
---------------+----------------------------+-----
Fighting       | 4 6 8 9 10 11 | 11.1
Maces & Flails | 3 5 6 8 9 11 12 | 12.9
Armour         | 5 6 8 9 10 11 | 11.7
Shields        | 5 6 8 9 10 11 | 11.4
Dodging        | 1 2 |  2.1
Stealth        | 2 4 |  4.8
Evocations     | 1 |  1.0
Throwing       | |  0.4

Action                   |  1- 3 |  4- 6 |  7- 9 || total
-------------------------+-------+-------+-------++-------
Melee: Flail             |     8 |    17 |    44 ||    69
Throw: Dart              |       |       |     1 ||     1
Evoke: Wand              |       |       |     2 ||     2
  Use: Potion            |     3 |     1 |     2 ||     6
       Scroll            |       |       |     1 ||     1
 Stab: Paralysed         |       |       |    14 ||    14
Armor: Scale mail        |     1 |     7 |    10 ||    18
Dodge: Dodged            |     1 |     2 |     2 ||     5
Block: Buckler           |     5 |     4 |     6 ||    15

Table legend: (Time is in decaauts)
 A = Elapsed time spent in this place.
 B = Non-inter-level travel time spent in this place.
 C = Inter-level travel time spent in this place.
 D = Time resting spent in this place.
 E = Time spent auto-exploring this place.
 F = Levels seen in this place.
 G = Mean time per level.
                   A        B        C        D        E       F      G
               +--------+--------+--------+--------+--------+-----+--------+
         Total |    756 |    756 |      0 |    373 |      1 |   1 |  756.0 |
       Dungeon |    756 |    756 |      0 |    373 |      1 |   1 |  756.0 |
               +--------+--------+--------+--------+--------+-----+--------+

Top non-repeatable levels by time:
       D: 756 daAuts
